 Dungeon Crawl Stone Soup version 0.30.0-13-g156ef70053 (webtiles) character file.

Game seed: 14627121433100552230

394 jtron the Magician (level 6, -2/70 HPs)
             Began as a Gnoll Wanderer on May 17, 2023.
             Slain by a lemure (3 damage)
             ... led by Pikel
             ... on level 4 of the Dungeon.
             The game lasted 00:12:42 (3431 turns).

jtron the Magician (Gnoll Wanderer)                 Turns: 3431, Time: 00:12:42

Health: -2/70      AC: 23    Str:  9    XL:     6   Next: 82%
Magic:  16/16      EV:  2    Int: 13    God:
Gold:   71         SH:  0    Dex: 14    Spells: 16/20 levels left

rFire   . . .        a - +0 quarterstaff
rCold   . . .        (shield currently unavailable)
rNeg    . . .        e - melded +1 robe
rPois   +            (helmet currently unavailable)
rElec   .            (cloak currently unavailable)
rCorr   .            i - melded +1 pair of gloves of the Constellations {Str+3 Dex+3}
SInv    +            (boots currently unavailable)
Will    .....        (no amulet)
Stlth   ++           p - ring of see invisible
HPRegen 0.31/turn    (no ring)
MPRegen 0.15/turn

%: no passive effects
@: tree-form
A: stationary, stasis, torment immunity, boosted hp, (fangs 1), strong nose,
distributed training
a: no special abilities


You were on level 4 of the Dungeon.
You were a tree.
You visited 1 branch of the dungeon, and saw 4 of its levels.

You collected 71 gold pieces.

Inventory:

Hand Weapons
 a - a +0 quarterstaff (weapon)
 d - a +1 vampiric spear
Missiles
 b - 7 poisoned darts (quivered)
 c - 35 stones
 f - 9 boomerangs
Armour
 e - a +1 robe (melded)
 i - the +1 pair of gloves of the Constellations (melded) {Str+3 Dex+3}
   (You found it on level 3 of the Dungeon)

   Str:       It affects your strength (+3).
   Dex:       It affects your dexterity (+3).
Jewellery
 p - a ring of see invisible (left branch)
Wands
 j - a wand of flame (5)
 n - a wand of roots (8)
Scrolls
 h - a scroll of teleportation
 m - 2 scrolls of amnesia
 o - a scroll of vulnerability {unknown}
Potions
 k - a potion of flight {unknown}
 l - 2 potions of attraction


   Skills:
 + Level 3.4 Fighting
 + Level 2.2 Short Blades
 + Level 2.2 Long Blades
 + Level 2.2 Axes
 + Level 2.2 Maces & Flails
 + Level 2.2 Polearms
 + Level 5.1 Staves
 + Level 2.2 Ranged Weapons
 + Level 3.4 Throwing
 + Level 5.1 Armour
 + Level 2.2 Dodging
 + Level 2.2 Stealth
 + Level 2.2 Shields
 + Level 2.2 Unarmed Combat
 + Level 7.5 Spellcasting
 + Level 1.8 Conjurations
 + Level 1.8 Hexes
 + Level 1.8 Summonings
 + Level 1.8 Necromancy
 + Level 1.8 Translocations
 + Level 1.8 Transmutations
 + Level 1.8 Fire Magic
 + Level 1.8 Ice Magic
 + Level 1.8 Air Magic
 + Level 1.8 Earth Magic
 + Level 1.8 Poison Magic
 + Level 2.4 Invocations
 + Level 2.2 Evocations


You had 16 spell levels left.
You knew the following spells:

 Your Spells              Type           Power      Damage    Failure   Level
a - Sandblast             Erth           18%        2d7       7%          1
b - Ignite Poison         Fire/Tmut/Pois 9%         N/A       21%         3

Your spell library contained the following spells:

 Spells                   Type           Power      Damage    Failure   Level
 Beastly Appendage        Tmut           18%        N/A       7%          1
 Freeze                   Ice            36%        1d5       7%          1
 Cigotuvi's Dreadful Rot  Necr/Pois/Air  18%        N/A       11%         2
 Sublimation of Blood     Necr           9%         N/A       11%         2
 Wereblood                Tmut           9%         N/A       11%         2
 Dazzling Flash           Conj/Hex       18%        N/A       21%         3
 Spider Form              Tmut/Pois      9%         N/A       21%         3
 Freezing Cloud           Conj/Ice/Air   4%         6-21      88%         5


Dungeon Overview and Level Annotations

Branches:
Dungeon (4/15)
 Temple: D:4-7

Altars:

Shops:
D:2 =

Annotations:
D:4 Eustachio, Natasha, Pikel


Innate Abilities, Weirdness & Mutations

You are a tree.
Your roots penetrate the ground, keeping you stationary.
You cannot be teleported.
You are immune to unholy pain and torment.
Your maximum health is greatly increased.
Your equipment is partially melded.
((You have very sharp teeth.))
Your uncanny sense of smell can sniff out nearby items.
Your experience applies equally to all skills.


Message History

The endoplasm freezes you.
You are frozen.
* * * LOW HITPOINT WARNING * * *
The gnoll barely misses you.
The endoplasm hits you but does no damage.
Pikel hits you with a +1 whip of flaming.
* * * LOW HITPOINT WARNING * * *
Pikel burns you.
* * * LOW HITPOINT WARNING * * *
Eustachio gestures wildly while chanting.
Eustachio blinks!
The adder bites you but does no damage.
The white imp hits you but does no damage.
You barely miss Pikel.
Pikel is lightly wounded.
You feel sick. The lemure completely misses you.
The gnoll hits you but does no damage. The endoplasm freezes you.
You are frozen.
* * * LOW HITPOINT WARNING * * *
The adder bites you but does no damage. The lemure hits you but does no damage.
The endoplasm freezes you.
You are frozen.
* * * LOW HITPOINT WARNING * * *
Pikel hits you but does no damage. The lemure hits you but does no damage.
The shadow imp shouts, "Get thee hence, thou errant tip-merry mammet!"
The white imp gestures at you. The puff of frost hits you!
* * * LOW HITPOINT WARNING * * *
You hit the adder.
The adder is moderately wounded.
* * * LOW HITPOINT WARNING * * *
You feel sick.
You are no longer poisoned.
The adder bites you but does no damage. The gnoll hits you but does no damage.
The lemure hits you but does no damage.
The endoplasm hits you but does no damage.
The endoplasm completely misses you. Pikel hits you but does no damage.
Natasha, Servant of Life and Death comes into view.
The lemure hits you.
You die...

..#.####
..........>#.....$###
........#...........#
..).................##
.....................#
.....................##.
..................<#....
......K5J............J..
......5♣Sg.@..........#.
......55Jh..........#...
......55.............#..
.....###h...............
...#. ................
.. # #.###.?###...... #
.# ..# ...... .h


You could see Eustachio, Pikel, 3 lemures, an iron imp (summoned), Natasha, a
gnoll, an adder, a white imp (summoned), a shadow imp (summoned), 2 endoplasms
and 2 jackals.

Vanquished Creatures
  Grinder (D:3)
  A lemure (D:3)
  Robin (D:3)
  3 adders
  5 gnolls (D:2)
  2 worms
  2 dart slugs
  2 orcs
  7 endoplasms
  8 giant cockroaches
  21 goblins
  10 hobgoblins
  4 jackals (D:1)
  6 quokkas
  3 ball pythons
  3 bats
  7 frilled lizards
  2 kobolds
  4 rats
92 creatures vanquished.

Notes
Turn   | Place    | Note
-------+----------+-------------------------------------------
     0 | D:1      | jtron the Gnoll Wanderer began the quest for the Orb.
     0 | D:1      | jtron set off with the following items: a +0 quarterstaff,
                  | 9 poisoned darts, a +0 dagger, a scroll of fear, a +0 robe;
                  | and the following spells available to memorise: Freeze,
                  | Sandblast, Sublimation of Blood, Dazzling Flash.
     0 | D:1      | Reached XP level 1. HP: 17/17 MP: 8/8
     2 | D:1      | Learned a level 1 spell: Sandblast
    96 | D:1      | Reached XP level 2. HP: 22/23 MP: 10/10
   369 | D:1      | Reached XP level 3. HP: 28/28 MP: 8/11
   532 | D:1      | Found a faded altar of an unknown god.
   731 | D:2      | Reached skill level 1 in Invocations
   775 | D:2      | Reached skill level 1 in Short Blades
   775 | D:2      | Reached skill level 1 in Long Blades
   775 | D:2      | Reached skill level 1 in Axes
   775 | D:2      | Reached skill level 1 in Maces & Flails
   775 | D:2      | Reached skill level 1 in Polearms
   775 | D:2      | Reached skill level 1 in Ranged Weapons
   775 | D:2      | Reached skill level 1 in Dodging
   775 | D:2      | Reached skill level 1 in Stealth
   775 | D:2      | Reached skill level 1 in Shields
   775 | D:2      | Reached skill level 1 in Unarmed Combat
   775 | D:2      | Reached skill level 1 in Evocations
   900 | D:2      | Reached XP level 4. HP: 13/34 MP: 8/13
  1202 | D:2      | Reached skill level 1 in Conjurations
  1202 | D:2      | Reached skill level 1 in Hexes
  1202 | D:2      | Reached skill level 1 in Summonings
  1202 | D:2      | Reached skill level 1 in Necromancy
  1202 | D:2      | Reached skill level 1 in Translocations
  1202 | D:2      | Reached skill level 1 in Transmutations
  1202 | D:2      | Reached skill level 1 in Fire Magic
  1202 | D:2      | Reached skill level 1 in Ice Magic
  1202 | D:2      | Reached skill level 1 in Air Magic
  1202 | D:2      | Reached skill level 1 in Earth Magic
  1202 | D:2      | Reached skill level 1 in Poison Magic
  1271 | D:2      | Found Buungeug's Jewellery Emporium.
  1669 | D:2      | Reached XP level 5. HP: 28/40 MP: 10/14
  1916 | D:3      | Noticed Robin
  1945 | D:3      | Killed Robin
  2045 | D:3      | Identified the +2 short sword "Puprahou" {heavy, Str+2}
  2052 | D:3      | Noticed an ogre
  2122 | D:3      | Identified the +1 pair of gloves of the Constellations
                  | {Str+3 Dex+3}
  2145 | D:3      | Noticed Grinder
  2228 | D:3      | Learned a level 3 spell: Ignite Poison
  2520 | D:3      | Paralysed by Grinder for 4 turns
  2534 | D:3      | Killed Grinder
  2535 | D:3      | Reached skill level 5 in Staves
  2535 | D:3      | Reached skill level 5 in Armour
  2535 | D:3      | Reached XP level 6. HP: 33/47 MP: 8/16
  3131 | D:4      | Noticed Pikel
  3131 | D:4      | Noticed Eustachio
  3430 | D:4      | HP: 2/70 [white imp/puff of frost[Eustachio] (11)]
  3431 | D:4      | Noticed Natasha
  3431 | D:4      | Slain by a lemure

Illustrated notes

Levels and vault maps discovered:
D:1:      minmay_arrival_wavy_path, layout_rooms,
          shapermc_ecumenical_altar_starsandcircs
D:2:      layout_loops_ring, serial_shops, shop
D:3:      layout_basic, gup_sewer_entry_pipe, kennysheep_flooded_box,
          kennysheep_path_1, minmay_hedge_maze, minmay_ogre_servants,
          uniq_robin, uniq_grinder
D:4:      layout_rooms, minmay_fractal_squares_gapless_5, uniq_menkaure,
          uniq_pikel, uniq_eustachio, uniq_natasha

Skill      XL: |  1  2  3  4  5 |
---------------+----------------+-----
Invocations    | 1 2 |  2.4
Short Blades   | 1 2 |  2.2
Long Blades    | 1 2 |  2.2
Axes           | 1 2 |  2.2
Maces & Flails | 1 2 |  2.2
Polearms       | 1 2 |  2.2
Ranged Weapons | 1 2 |  2.2
Dodging        | 1 2 |  2.2
Stealth        | 1 2 |  2.2
Shields        | 1 2 |  2.2
Unarmed Combat | 1 2 |  2.2
Evocations     | 1 2 |  2.2
Conjurations   | 1 |  1.8
Hexes          | 1 |  1.8
Summonings     | 1 |  1.8
Necromancy     | 1 |  1.8
Translocations | 1 |  1.8
Transmutations | 1 |  1.8
Fire Magic     | 1 |  1.8
Ice Magic      | 1 |  1.8
Air Magic      | 1 |  1.8
Earth Magic    | 1 |  1.8
Poison Magic   | 1 |  1.8
Fighting       | 3 |  3.4
Throwing       | 3 |  3.4
Staves         | 5 |  5.1
Armour         | 5 |  5.1
Spellcasting   | |  7.5

Action                     |  1- 3 |  4- 6 || total
---------------------------+-------+-------++-------
  Melee: Quarterstaff      |    65 |   137 ||   202
         Bite              |     5 |     9 ||    14
  Throw: Dart              |     4 |    13 ||    17
         Stone             |       |     3 ||     3
   Cast: Sandblast         |    22 |    62 ||    84
  Evoke: Wand              |       |     3 ||     3
    Use: Scroll            |       |    14 ||    14
         Potion            |       |     7 ||     7
   Stab: Sleeping          |     1 |       ||     1
 Armour: Robe              |    18 |    51 ||    69
         Skin              |       |    39 ||    39
  Dodge: Dodged            |    48 |   128 ||   176
